 Dungeon Crawl Stone Soup version 0.27-a0-1281-ge233d83751 (webtiles) character file.

Game seed: 5423639085483489123

651 Tumalu the Spear-Bearer (level 7, 0/48 (52) HPs)
             Began as a Merfolk Monk on June 13, 2021.
             Slain by a wyvern skeleton (7 damage)
             ... on level 5 of the Dungeon on June 14, 2021.
             The game lasted 00:07:52 (4874 turns).

Tumalu the Spear-Bearer (Merfolk Monk)              Turns: 4874, Time: 00:07:56

HP:   0/48 (52)     AC:  6    Str: 12    XL:     7   Next: 53%
MP:   7/7           EV: 12    Int:  9    God:
Gold: 222           SH:  0    Dex: 18    Spells: 6/6 levels left

rFire    + + .     SeeInvis .   q - +7 halberd of Objectivity {flame, rElec rF++}
rCold    . . .     Faith    .   (shield currently unavailable)
rNeg     . . .     Spirit   .   h - +0 ring mail
rPois    .         Reflect  .   (no helmet)
rElec    +         Harm     .   o - +0 cloak
rCorr    .         Rampage  .   (no gloves)
Will     .....                  (no boots)
Stlth    ++........             (no amulet)
HPRegen  0.16/turn              (no ring)
MPRegen  0.10/turn              (no ring)

@: lethally poisoned (0 -> -8), drained
A: (nimble swimmer 2), mertail
a: no special abilities


You were on level 5 of the Dungeon.
You visited 1 branch of the dungeon, and saw 5 of its levels.
You also visited: Sewer.

You collected 222 gold pieces.

Inventory:

Hand Weapons
 a - a +0 spear
 q - the +7 halberd of Objectivity (weapon) {flame, rElec rF++}
   (You found it on level 4 of the Dungeon)

   It has been specially enchanted to burn those struck by it, causing extra
   injury to most foes and up to half again as much damage against particularly
   susceptible opponents.
   Big, fiery blades are also staple armaments of hydra-hunters.
   It greatly protects you from fire.
   It insulates you from electricity.
Missiles
 c - 3 atropa-tipped darts (quivered)
Armour
 b - a +0 robe
 e - a +0 leather armour
 h - a +0 ring mail (worn)
 o - a +0 cloak (worn)
Jewellery
 k - a ring of positive energy
Wands
 t - a wand of acid (10)
Scrolls
 d - 4 scrolls of amnesia {unknown}
 g - 4 scrolls of identify {unknown}
 i - a scroll of silence {unknown}
 l - a scroll of noise {unknown}
 n - a scroll of blinking {unknown}
 r - a scroll of enchant weapon {unknown}
 s - 3 scrolls of teleportation {unknown}
 v - a scroll of torment {unknown}
Potions
 f - 2 potions of curing
 j - a potion of brilliance {unknown}
 m - a potion of degeneration {unknown}
 p - a potion of lignification {unknown}
 u - a potion of resistance {unknown}


   Skills:
 - Level 3.2 Fighting
 + Level 11.9 Polearms
 - Level 4.0 Dodging
 - Level 2.1 Stealth


You had 6 spell levels left.
You didn't know any spells.
Your spell library contained the following spells:

 Spells                   Type           Power      Damage    Failure   Level
 Corona                   Hex            0%         N/A       67%         1
 Foxfire                  Conj/Fire      0%         2x1d4     67%         1
 Slow                     Hex            0%         N/A       80%         2
 Conjure Flame            Conj/Fire      0%         6-21      95%         3
 Inner Flame              Hex/Fire       0%         N/A       95%         3
 Portal Projectile        Hex/Tloc       0%         N/A       95%         3
 Cause Fear               Hex            0%         N/A       100%        4
 Leda's Liquefaction      Hex/Erth       0%         N/A       100%        4
 Sticky Flame             Conj/Fire      0%         2d3       100%        4
 Fireball                 Conj/Fire      0%         3d3       100%        5


Dungeon Overview and Level Annotations

Branches:
Dungeon (5/15)              Sewer (visited)
 Temple: D:4-7

Altars:
Ashenzari
Cheibriados
Elyvilon
Kikubaaqudgha
Okawaru
Sif Muna
Yredelemnul

Annotations:
D:3 3 runed translucent doors, Orlauf's ghost, amateur DsGl


Innate Abilities, Weirdness & Mutations

((You are quick and stealthy near water. (Stealth+, EV+, Speed+++)))
Your lower body shifts to a powerful aquatic tail in water.


Message History

You feel drained.
You barely miss the gnoll.
The gnoll is almost dead.
A wyvern skeleton comes into view.
The gnoll hits you with a +2 whip of draining!
You feel drained.
You puncture the gnoll! You burn the gnoll.
You kill the gnoll!
You barely miss the gnoll. You puncture the gnoll! You burn the gnoll.
You kill the gnoll!
The wyvern skeleton closely misses you.
You closely miss the scorpion. The scorpion closely misses you.
The wyvern skeleton barely misses you.
You completely miss the scorpion. The scorpion closely misses you.
The wyvern skeleton bites you!
You slash the scorpion! You burn the scorpion.
The scorpion is severely wounded.
The scorpion stings you.
The wyvern skeleton bites you but does no damage.
You barely miss the scorpion.
The scorpion is severely wounded.
The wyvern skeleton bites you. The scorpion stings you!
* * * LOW HITPOINT WARNING * * *
You are poisoned.
The scorpion poisons you!
You hit the scorpion but do no damage.
The scorpion is severely wounded.
* * * LOW HITPOINT WARNING * * *
You feel very sick. The wyvern skeleton bites you.
* * * LOW HITPOINT WARNING * * *
The scorpion misses you.
It was a potion of curing.
You feel better. The wyvern skeleton bites you.
* * * LOW HITPOINT WARNING * * *
The scorpion stings you.
* * * LOW HITPOINT WARNING * * *
You are lethally poisoned!
The scorpion poisons you! The wyvern skeleton bites you!
You die...

#.. .# #.# #.. #.# #.#
#.# #.# #.# #.# #.#
#.# #)# ###.#####.#
#)# ?.....Z@s.#
#########.#
###.#####.#
#......)..#
..#####.####.#########
#...........#
#.####.###..# #.# #..#
#.# #..# ..# #..# ###
#..#


You could see a scorpion and a wyvern skeleton.

Vanquished Creatures
  An ogre (D:4)
  2 bullfrogs (Sewer)
  A scorpion (D:4)
  A howler monkey (D:4)
  2 orc wizards
  3 gnolls (D:5)
  10 adders
  4 worms
  2 dart slugs
  12 orcs
  22 ball pythons
  6 bats
  17 endoplasms
  15 giant cockroaches
  3 goblins
  6 hobgoblins
  5 jackals
  12 quokkas
  13 frilled lizards
  5 kobolds
  5 rats
147 creatures vanquished.

Vanquished Creatures (others)
  2 octopodes (D:1)
  A vine stalker (D:1)
  A troll (D:1)
  A vampire (D:1)
  A spriggan (D:1)
  2 humans (D:1)
  A dwarf (D:1)
  An ogre (D:1)
  A mummy (D:1)
  An orc (D:1)
  A plant (D:4)
  5 tentacles (D:1)
18 creatures vanquished.

Grand Total: 165 creatures vanquished

Notes
Turn   | Place    | Note
-------+----------+-------------------------------------------
     0 | D:1      | Tumalu the Merfolk Monk began the quest for the Orb.
     0 | D:1      | Reached XP level 1. HP: 18/18 MP: 1/1
     0 | D:1      | Noticed a troll
     0 | D:1      | Noticed a human
     0 | D:1      | Noticed an octopode
     0 | D:1      | Noticed a human
     0 | D:1      | Noticed a vine stalker
     0 | D:1      | Noticed a dwarf
     0 | D:1      | Noticed a kraken
     0 | D:1      | Noticed an ogre
     0 | D:1      | Noticed a vampire
     0 | D:1      | Noticed an octopode
     0 | D:1      | Noticed a spriggan
     3 | D:1      | Killed an ogre
     3 | D:1      | Killed an octopode
     5 | D:1      | Killed a human
     6 | D:1      | Killed a vampire
     6 | D:1      | Killed an octopode
     7 | D:1      | Killed a vine stalker
     7 | D:1      | Killed a spriggan
     9 | D:1      | Killed a human
    10 | D:1      | Killed a dwarf
    11 | D:1      | Killed a troll
    73 | D:1      | Reached skill level 5 in Polearms
   287 | D:1      | Reached XP level 2. HP: 24/24 MP: 2/2
   652 | D:1      | Found a faded altar of an unknown god.
   746 | D:1      | Reached skill level 6 in Polearms
   746 | D:1      | Reached XP level 3. HP: 29/29 MP: 3/3
  1554 | D:2      | Reached skill level 7 in Polearms
  1554 | D:2      | Reached XP level 4. HP: 35/35 MP: 4/4
  2181 | D:3      | Found a runed translucent gate.
  2181 | D:3      | Noticed Orlauf's ghost (amateur DsGl)
  2182 | D:3      | Found a runed translucent gate.
  2183 | D:3      | Found a runed translucent gate.
  2243 | D:3      | Found a basalt altar of Yredelemnul.
  2523 | D:3      | Found a white marble altar of Elyvilon.
  2611 | D:3      | Found an iron altar of Okawaru.
  2636 | D:3      | Found a snail-covered altar of Cheibriados.
  2636 | D:3      | Found a broken altar of Ashenzari.
  2642 | D:3      | Found a shimmering blue altar of Sif Muna.
  2863 | D:3      | Reached skill level 8 in Polearms
  2868 | D:3      | Reached XP level 5. HP: 33/41 MP: 5/5
  3390 | D:4      | Found a glowing drain.
  3398 | D:4      | Identified the +7 halberd of Objectivity {flame, rElec
                  | rF++}
  3406 | Sewer    | Entered a sewer
  3508 | Sewer    | Reached skill level 9 in Polearms
  3592 | Sewer    | Reached XP level 6. HP: 39/47 MP: 6/6
  3757 | Sewer    | Reached skill level 10 in Polearms
  3996 | D:4      | Reached XP level 7. HP: 43/52 MP: 7/7
  4105 | D:4      | Found an ancient bone altar of Kikubaaqudgha.
  4160 | D:4      | Reached skill level 11 in Polearms
  4800 | D:5      | Entered Level 5 of the Dungeon
  4874 | D:5      | Slain by a wyvern skeleton

Illustrated notes

Levels and vault maps discovered:
D:1:      nicolae_arrival_kraken_aquarium_a, layout_loops_ring,
          basic_ecumenical_altar, palyth_stone_intersect,
          hangedman_decor_slide_cut, minmay_misc_feat_roman
D:2:      layout_basic
D:3:      layout_rooms, overflow_temple_1_default,
          nicolae_overflow_hidden_temple, gammafunk_ghost_split,
          minmay_misc_feat_four_crosses, minmay_crystal_water
D:4:      layout_loops_ring, kennysheep_mini_moat, gup_sewer_entry_pipe,
          minivault_11, chequers_big_river
D:5:      layout_loops_ring, gammafunk_temple_overflow_pools, serial_shops,
          nicolae_shop_behind_doors, shop, uniq_pikel, uniq_duvessa

Skill      XL: |  1  2  3  4  5  6  7 |
---------------+----------------------+-----
Polearms       | 5 6 7 8 9 10 11 | 11.9
Fighting       | |  3.2
Dodging        | |  4.0
Stealth        | |  2.1

Action                   |  1- 3 |  4- 6 |  7- 9 || total
-------------------------+-------+-------+-------++-------
Melee: Spear             |   118 |   164 |       ||   282
       Halberd           |       |   121 |    38 ||   159
       Tailslap          |       |    14 |       ||    14
  Use: Potion            |       |       |     1 ||     1
 Stab: Sleeping          |     2 |     7 |     4 ||    13
       Distracted        |       |     1 |       ||     1
Armor: Leather armour    |    10 |       |       ||    10
       Ring mail         |     4 |    61 |     3 ||    68
Dodge: Dodged            |    50 |   162 |     7 ||   219

Table legend: (Time is in decaauts)
 A = Elapsed time spent in this place.
 B = Non-inter-level travel time spent in this place.
 C = Inter-level travel time spent in this place.
 D = Time resting spent in this place.
 E = Time spent auto-exploring this place.
 F = Levels seen in this place.
 G = Mean time per level.
                   A        B        C        D        E       F      G
               +--------+--------+--------+--------+--------+-----+--------+
         Total |   4727 |   4573 |    154 |    438 |   3352 |   6 |  787.8 |
       Dungeon |   4218 |   4064 |    154 |    438 |   3034 |   5 |  843.6 |
         Sewer |    509 |    509 |      0 |      0 |    317 |   1 |  509.0 |
               +--------+--------+--------+--------+--------+-----+--------+

Top non-repeatable levels by time:
     D:1: 1169 daAuts
     D:3: 1038 daAuts
     D:4: 975 daAuts
     D:2: 962 daAuts
   Sewer: 509 daAuts
     D:5: 72 daAuts
